 Dungeon Crawl Stone Soup version 0.23.2 (webtiles) character file.

Game seed: 3110643974980818452

89 Marnok the Cudgeler (level 4, -3/37 HPs)
             Began as a Human Berserker on Apr 1, 2019.
             Was a Believer of Trog.
             Slain by an iguana (7 damage)
             ... on level 2 of the Dungeon.
             The game lasted 00:05:19 (2620 turns).

Marnok the Cudgeler (Human Berserker)               Turns: 2620, Time: 00:05:20

Health: -3/37      AC:  2    Str: 15 (18) XL:     4   Next: 84%
Magic:  4/4        EV: 12    Int:  5 (7)  God:    Trog [**....]
Gold:   99         SH:  0    Dex: 11 (13) Spells: 3/3 levels left

rFire    + . .     SeeInvis .   a - +0 mace
rCold    + . .     Gourm    .   (no shield)
rNeg     . . .     Faith    .   b - +0 animal skin
rPois    +         Spirit   .   (no helmet)
rElec    +         Reflect  .   (no cloak)
rCorr    +         Harm     .   (no gloves)
MR       .....                  (no boots)
Stlth    +.........             (no amulet)
HPRegen  0.12/turn              (no ring)
MPRegen  0.09/turn              (no ring)

@: resistant, flying
A: no striking features
a: Berserk, Trog's Hand, Renounce Religion


You were on level 2 of the Dungeon.
You worshipped Trog.
Trog was pleased with you.
You were not hungry.

You visited 1 branch of the dungeon, and saw 3 of its levels.

You collected 99 gold pieces.

Inventory:

Hand Weapons
 a - a +0 mace (weapon)
 k - a +0 mace
Armour
 b - a +0 animal skin (worn)
Wands
 l - a wand of disintegration (13)
Scrolls
 g - a scroll of noise {unknown}
 i - a scroll of teleportation {unknown}
 n - a scroll of enchant weapon {unknown}
 o - a scroll of amnesia {unknown}
 p - a scroll of immolation {unknown}
 q - a scroll of remove curse {unknown}
 t - 2 scrolls of magic mapping {unknown}
Potions
 d - a potion of resistance
 e - a potion of flight
 f - a potion of degeneration
 h - 2 potions of curing {unknown}
 j - a potion of berserk rage {unknown}
 m - a potion of might {unknown}
 r - a potion of agility {unknown}
Comestibles
 c - 4 rations


   Skills:
 + Level 3.8 Fighting
 + Level 4.1 Maces & Flails
 + Level 2.1 Armour
 + Level 2.4 Dodging
 + Level 0.4 Stealth


You had 3 spell levels left.
You didn't know any spells.
Your spell library was empty.

Dungeon Overview and Level Annotations

Branches:
Dungeon (3/15)

Altars:
Ashenzari
Cheibriados
Yredelemnul


Message History

An orc comes into view. It is wielding a +0 falchion.
There is a stone staircase leading up here.
The iguana misses you.
You climb upwards.
There is a stone staircase leading down here.
You closely miss the iguana. The iguana bites you.
You closely miss the iguana. The iguana misses you. The iguana bites you.
* * * LOW HITPOINT WARNING * * *
It was a potion of flight.
You feel very buoyant.
You fly up into the air.
The iguana bites you.
* * * LOW HITPOINT WARNING * * *
You hit the iguana.
The iguana is moderately wounded.
The iguana closely misses you.
It was a potion of degeneration.
There was something very wrong with that liquid.
You feel weakened.
You feel dopey.
You feel clumsy. The iguana bites you!
You die...

##..#
#......#.###.##.###
##.#.## #.....##.#
#.##.... #.###.#
#.....#.#####.#.#..
##.#.## #....##.#
#.#.###.. ##.##
#....#.## #.##.##..
#.#####....#.#
#รท.#.##..
#......###...#
#..#.##..
#.####.########
#........
#.#.....@l....#
####.####
#..###..#####.# #.#
#.## ##)......# #.#
#.# #....##.######.#
#.## ##..#...........#
##.###...####.########
##...#.......#
######......# ########


You could see an iguana.

Vanquished Creatures
  3 adders (D:2)
  2 dart slugs
  3 leopard geckos (D:2)
  An orc (D:3)
  3 bats
  3 giant cockroaches
  8 goblins
  5 hobgoblins
  6 jackals
  A quokka (D:2)
  A ball python (D:1)
  3 frilled lizards
  3 kobolds
  7 rats
  A plant (D:1)
50 creatures vanquished.

Notes
Turn   | Place    | Note
-------+----------+-------------------------------------------
     0 | D:1      | Marnok the Human Berserker began the quest for the Orb.
     0 | D:1      | Reached XP level 1. HP: 18/18 MP: 1/1
   332 | D:1      | Reached XP level 2. HP: 15/24 MP: 2/2
   622 | D:1      | Reached XP level 3. HP: 22/29 MP: 3/3
  1234 | D:2      | Found a snail-covered altar of Cheibriados.
  1258 | D:2      | Reached ** piety under Trog
  1492 | D:2      | Reached XP level 4. HP: 20/36 MP: 4/4
  1588 | D:2      | Found a shattered altar of Ashenzari.
  1718 | D:2      | Found a basalt altar of Yredelemnul.
  1799 | D:2      | Reached skill level 4 in Maces & Flails
  2620 | D:2      | Slain by an iguana

Skill      XL: |  1  2  3  4 |
---------------+-------------+-----
Maces & Flails | 4 |  4.1
Fighting       | |  3.8
Armour         | |  2.1
Dodging        | |  2.4
Stealth        | |  0.4

Action                   |  1- 3 |  4- 6 || total
-------------------------+-------+-------++-------
Melee: Mace              |   115 |    71 ||   186
  Use: Potion            |       |     3 ||     3
 Stab: Sleeping          |       |     2 ||     2
  Eat: Chunk             |     2 |     4 ||     6
Armor: Animal skin       |    14 |    21 ||    35
Dodge: Dodged            |    57 |    53 ||   110
